 Dungeon Crawl Stone Soup version 0.26.0-16-gc1dbca0489 (webtiles) character file.

Game seed: 7385444388740305612

53 kaeus the Firebug (level 3, -6/24 HPs)
             Began as a Demonspawn Fire Elementalist on Jan 22, 2021.
             Mangled by a worm (7 damage)
             ... on level 2 of the Dungeon.
             The game lasted 00:01:40 (1502 turns).

kaeus the Firebug (Demonspawn Fire Elementalist)    Turns: 1502, Time: 00:01:41

Health: -6/24      AC:  4    Str:  8    XL:     3   Next: 64%
Magic:  3/6        EV: 16    Int: 17    God:
Gold:   98         SH:  0    Dex: 13    Spells: 5/6 levels left

rFire    . . .     SeeInvis .   d - +0 club
rCold    . . .     Faith    .   (no shield)
rNeg     . . .     Spirit   .   a - +0 robe
rPois    .         Reflect  .   (no helmet)
rElec    .         Harm     .   (no cloak)
rCorr    .         Rampage  .   (no gloves)
Will     .....                  (no boots)
Stlth    ++........             (no amulet)
HPRegen  0.08/turn              j - +4 ring of evasion
MPRegen  0.10/turn              (no ring)

@: no status effects
A: icy blue scales 1, powered by pain 1
a: no special abilities


You were on level 2 of the Dungeon.
You visited 1 branch of the dungeon, and saw 2 of its levels.

You collected 98 gold pieces.

Inventory:

Hand Weapons
 d - a +0 club (weapon)
Armour
 a - a +0 robe (worn)
Jewellery
 j - a +4 ring of evasion (left hand)
Scrolls
 b - a scroll of noise {unknown}
 f - a scroll of fear {unknown}
 g - a scroll of identify
 k - a scroll of random uselessness {unknown}
 l - a scroll of amnesia {unknown}
Potions
 c - a potion of magic {unknown}
 e - a potion of curing {unknown}
 h - 2 potions of degeneration {unknown}
 i - a potion of might {unknown}


   Skills:
 + Level 2.1 Dodging
 + Level 2.3 Stealth
 + Level 2.2 Spellcasting
 * Level 2.0 Conjurations
 * Level 3.1 Fire Magic


You had 5 spell levels left.
You knew the following spells:

 Your Spells              Type           Power        Failure   Level
a - Foxfire               Conj/Fire      40%          6%          1

Your spell library contained the following spells:

 Spells                   Type           Power        Failure   Level
 Conjure Flame            Conj/Fire      10%          19%         3
 Inner Flame              Hex/Fire       7%           30%         3
 Sticky Flame             Conj/Fire      10%          54%         4
 Fireball                 Conj/Fire      5%           87%         5


Dungeon Overview and Level Annotations

Branches:
Dungeon (2/15)

Altars:


Innate Abilities, Weirdness & Mutations

You are partially covered in icy blue scales. (AC +2)
You sometimes gain a little power by taking damage.


Message History

The worm closely misses you.
You hit the worm.
The worm is moderately wounded.
The worm closely misses you.
You barely miss the worm.
The worm is lightly wounded.
The worm bites you!
* * * LOW HITPOINT WARNING * * *
You take 8 damage, and have 3/24 hp.
MASSIVE DAMAGE!!
You hit the worm.
The worm is moderately wounded.
You hit the worm.
The worm is heavily wounded.
The worm bites you.
* * * LOW HITPOINT WARNING * * *
You take 2 damage, and have 1/24 hp.
You hit the worm.
The worm is heavily wounded.
The worm bites you!
You die...

#.# ###.## #.....
#....## #..... #....#
#..w.# #.#@###.#
#.......# ###.###....
##### #.# ## #...# #.# #
#...# #.# #
####...###.### #
###............###.##. #
###...........##...†....


You could see a worm.

Vanquished Creatures
  2 adders (D:2)
  A gnoll (D:1)
  A dart slug (D:1)
  A goblin (D:1)
  5 hobgoblins
  A quokka (D:2)
  3 ball pythons
  2 bats
  4 frilled lizards
  2 kobolds
  3 rats (D:1)
25 creatures vanquished.

Vanquished Creatures (others)
  74 foxfires
74 creatures vanquished.

Grand Total: 99 creatures vanquished

Notes
Turn   | Place    | Note
-------+----------+-------------------------------------------
     0 | D:1      | kaeus the Demonspawn Fire Elementalist began the quest for
                  | the Orb.
     0 | D:1      | Reached XP level 1. HP: 13/13 MP: 3/3
   562 | D:1      | Gained mutation: You are partially covered in icy blue
                  | scales. (AC +2) [demonic ancestry]
   562 | D:1      | Reached XP level 2. HP: 9/19 MP: 3/5
   721 | D:1      | Reached skill level 3 in Fire Magic
  1082 | D:2      | Noticed an ogre
  1141 | D:2      | Gained mutation: You sometimes gain a little power by
                  | taking damage. [demonic ancestry]
  1141 | D:2      | Reached XP level 3. HP: 21/24 MP: 2/6
  1501 | D:2      | HP: 1/24 [worm (2)]
  1502 | D:2      | Mangled by a worm

Illustrated notes

Levels and vault maps discovered:
D:1:      dpeg_arrival_circle_labyrinth_a, layout_basic
D:2:      layout_loops_cross

Skill      XL: |  1  2  3 |
---------------+----------+-----
Stealth        | 2 |  2.3
Fire Magic     | 3 |  3.1
Dodging        | 2 |  2.1
Conjurations   | 2 |  2.0
Spellcasting   | |  2.2

Action                   || total
-------------------------++-------
Melee: Mace              ||    21
       Club              ||    52
 Cast: Foxfire           ||    54
  Use: Scroll            ||     2
Armor: Robe              ||     9
Dodge: Dodged            ||    60
